 Dungeon Crawl Stone Soup version 0.30.2 (webtiles) character file.

Game seed: 16419060220982632863

4 Nonny the Trooper (level 1, -2/14 HPs)
             Began as a Kobold Fighter on Apr 12, 2024.
             Frozen to death by an endoplasm (4 damage)
             ... on level 1 of the Dungeon.
             The game lasted 00:01:54 (173 turns).

Nonny the Trooper (Kobold Fighter)                   Turns: 173, Time: 00:01:55

Health: -2/14      AC:  6    Str: 13    XL:     1   Next: 66%
Magic:  1/1        EV: 10    Int:  9    God:
Gold:   23         SH:  4    Dex: 14    Spells: 0/0 levels left

rFire   . . .        i - +2 dagger (venom)
rCold   . . .        c - +0 buckler
rNeg    . . .        b - +0 scale mail
rPois   .            (no helmet)
rElec   .            (no cloak)
rCorr   .            (no gloves)
SInv    .            (no boots)
Will    .....        (no amulet)
Stlth   +            (no ring)
HPRegen 0.22/turn    (no ring)
MPRegen 0.07/turn

%: no passive effects
@: no status effects
A: small, no large weapons, nightstalker 3
a: no special abilities


You were on level 1 of the Dungeon.
You visited 1 branch of the dungeon, and saw 1 of its levels.

You collected 23 gold pieces.

Inventory:

Hand Weapons
 a - a +0 rapier
 i - a +2 dagger of venom (weapon)
Missiles
 e - 6 stones (quivered)
Armour
 b - a +0 scale mail (worn)
 c - a +0 buckler (worn)
Scrolls
 f - a scroll of blinking {unknown}
 g - a scroll of identify {unknown}
Potions
 d - a potion of might


   Skills:
 - Level 3.2 Fighting
 + Level 2.7 Short Blades
 + Level 2.5 Armour
 * Level 0.9 Stealth
 - Level 2.4 Shields


You couldn't memorise any spells.
You didn't know any spells.
Your spell library was empty.

Dungeon Overview and Level Annotations

Branches:
Dungeon (1/15)

Altars:


Innate Abilities, Weirdness & Mutations

You are small and have problems with some larger weapons.
You are completely attuned to the shadows.


Message History

You feel sick.
You are no longer poisoned.
An endoplasm comes into view.
A hobgoblin comes into view.
Found 15 gold pieces.
Found 16 gold pieces.
The endoplasm hits you but does no damage.
You hit the endoplasm.
The endoplasm is moderately wounded.
The endoplasm freezes you.
You are frozen.
You hit the endoplasm but do no damage.
The endoplasm is moderately wounded.
The hobgoblin hits you.
* * * LOW HITPOINT WARNING * * *
The endoplasm hits you but does no damage.
Unknown command.
Okay, then.
It was a potion of curing.
You feel better. The hobgoblin hits you. The endoplasm freezes you.
You are frozen.
* * * LOW HITPOINT WARNING * * *
Enter note: fizzy black potion - curing You closely miss the hobgoblin.
The hobgoblin closely misses you. The endoplasm barely misses you.
Unknown command.
You hit the hobgoblin.
The hobgoblin is poisoned.
The hobgoblin is moderately wounded.
The hobgoblin hits you but does no damage.
You block the endoplasm's attack.
You hit the hobgoblin but do no damage.
The hobgoblin is moderately wounded.
You hit the hobgoblin.
You kill the hobgoblin!
The endoplasm closely misses you.
You hit the endoplasm but do no damage.
The endoplasm is moderately wounded.
The endoplasm freezes you.
You are frozen.
You die...

###### .....#
.....$... .....#
.$........ .....#
..........
.....#########...J....
.....#.......#..@†....
##.###.......####.....
##.# #........###.....
######................
......................
######........########
.............##
#####........#
#####........


You could see an endoplasm.

Vanquished Creatures
  A goblin (D:1)
  A hobgoblin (D:1)
  A bat (D:1)
  A frilled lizard (D:1)
4 creatures vanquished.

Notes
Turn   | Place    | Note
-------+----------+-------------------------------------------
     0 | D:1      | Nonny the Kobold Fighter began the quest for the Orb.
     0 | D:1      | Reached XP level 1. HP: 14/14 MP: 1/1
    13 | D:1      | Starting vault: statue room.
   169 | D:1      | fizzy black potion - curing
   173 | D:1      | Frozen to death by an endoplasm

Illustrated notes ##### ####8<8#### ##.........## #8.........8# #...8...8...# #8....@....8# ##.........## #.........# #####+##### Turn 13 on D:1: Starting vault: statue room.

###### .....#
.....$... .....#
.$........ .....#
..........
.....#########...J....
.....#.......#..@g....
##.###.......####.....
##.# #........###.....
######................
......................
######........########
.............##
#####........#
#####........


Turn 169 on D:1: fizzy black potion - curing

Levels and vault maps discovered:
D:1:      mrwooster_arrival_statue_3, layout_basic,
          chequers_serial_rivers_small_3

Action                     || total
---------------------------++-------
  Melee: Rapier            ||     9
         Dagger            ||     7
    Use: Potion            ||     1
 Armour: Scale mail        ||     4
  Dodge: Dodged            ||     7
  Block: Buckler           ||     2
